 Dungeon Crawl Stone Soup version 0.18.1-50-g88ac8fd (webtiles) character file.

647 KarmaPolice the Magician (level 7, 0/46 HPs)
             Began as a Human Wizard on Sept 27, 2016.
             Was an Initiate of Vehumet.
             Shot with an arrow by a centaur (10 damage)
             ... on level 5 of the Dungeon.
             The game lasted 00:18:55 (6320 turns).

KarmaPolice the Magician (Human Wizard)             Turns: 6320, Time: 00:18:55

Health: 0/46       AC:  4    Str:  8    XL:     7   Next: 82%
Magic:  3/14       EV: 12    Int: 20    God:    Vehumet [......]
Gold:   241        SH:  0    Dex: 11    Spells: 4 memorised, 8 levels left

rFire  . . .     SeeInvis .     v - +2 dagger (pain)
rCold  + . .     Gourm    .     a - +0 robe
rNeg   . . .     Faith    .     (no shield)
rPois  .         Spirit   .     s - +0 helmet (curse)
rElec  .         Dismiss  .     A - +0 cloak
rCorr  .         Reflect  .     (no gloves)
SustAt .         Harm     .     (no boots)
MR     .....                    (no amulet)
Stlth  ++........               (no ring)
                                m - ring of protection from cold

@: not resistant to hostile enchantments, unstealthy
A: no striking features
a: Renounce Religion


You were on level 5 of the Dungeon.
You worshipped Vehumet.
Vehumet was noncommittal.
You were hungry.

You visited 1 branch of the dungeon, and saw 5 of its levels.

You collected 241 gold pieces.

Inventory:

Hand Weapons
 k - a +2 dagger of speed
 v - a +2 dagger of pain (weapon)
Armour
 a - a +0 robe (worn)
 s - a cursed +0 helmet (worn)
 A - a +0 cloak (worn)
Magical Staves
 x - a cursed staff of cold {unknown}
Jewellery
 m - a ring of protection from cold (left hand)
Wands
 u - a wand of iceblast (7/15)
Scrolls
 b - a scroll of amnesia {unknown}
 e - a scroll of random uselessness {unknown}
 f - 9 scrolls of identify {unknown}
 g - a scroll of recharging {unknown}
 i - 3 scrolls of remove curse {unknown}
 l - 3 scrolls of teleportation {unknown}
 o - 2 scrolls of magic mapping {unknown}
 p - 2 scrolls of enchant weapon {unknown}
 w - a scroll of blinking {unknown}
 y - a scroll of noise {unknown}
Potions
 j - a potion of degeneration {unknown}
 n - 6 potions of curing {unknown}
 q - a potion of cure mutation {unknown}
 r - a potion of resistance {unknown}
 z - a potion of brilliance {unknown}
Books
 c - a book of Minor Magic

   Spells                             Type                      Level
   a - Magic Dart                     Conjuration                  1
   b - Blink                          Translocation                2
   c - Call Imp                       Summoning                    2
   d - Repel Missiles                 Charms/Air                   2
   e - Slow                           Hexes                        2
   f - Conjure Flame                  Conjuration/Fire             3
   g - Mephitic Cloud                 Conjuration/Poison/Air       3
Comestibles
 d - 4 bread rations
 h - 6 meat rations
 t - a royal jelly


   Skills:
 - Level 2.0 Dodging
 - Level 2.0 Stealth
 + Level 5.2 Spellcasting
 + Level 4.6 Conjurations
 + Level 4.2 Summonings
 - Level 1.0 Translocations


You had 8 spell levels left.
You knew the following spells:

 Your Spells              Type           Power        Failure   Level  Hunger
a - Magic Dart            Conj           ###.         1%          1    None
b - Call Imp              Summ           ###.....     2%          2    None
c - Blink                 Tloc           N/A          14%         2    None
d - Mephitic Cloud        Conj/Pois/Air  ##......     21%         3    ##.....


Dungeon Overview and Level Annotations

Branches:
Dungeon (5/15)
 Temple: D:4-7

Altars:
Ashenzari
Cheibriados
Dithmenos
Gozag
Qazlal
Ru
Vehumet
Xom
Yredelemnul
Zin

Shops:
D:5 }(


Message History

The centaur shoots an arrow.
The arrow hits you.
Your crimson imp blinks!
Casting: Call Imp
Confirm with . or Enter, or press ? or * to list all spells.
Aiming: Magic Dart
Press: ? - help, Shift-Dir - straight line, f/p - centaur
Aim: a centaur, wielding a shortbow The magic dart hits the centaur.
The centaur shoots an arrow.
The arrow hits your crimson imp.
Casting: Magic Dart
Confirm with . or Enter, or press ? or * to list all spells.
A shadowy apparition takes form in the air.
The centaur shoots an arrow.
The arrow hits your crimson imp!
Your crimson imp blinks!
Your crimson imp hits the centaur.
The centaur shoots an arrow.
The arrow hits you!
* * * LOW HITPOINT WARNING * * *
Your crimson imp blinks!
The centaur shoots an arrow.
The arrow hits you!
You die...

...##.# ...##.# ...##.#
############# ...##.#
#...........# ....#.###
#...........# ........#
#...........# ....###.#
#.....5.....# ###.###.#
#.>.........# # #.###†#
#..@........#
###..#..######§..........#
.....#......5c§5.........#
....._.....(>............#
##...#.....5.............#
#...#.....[.............#
#..###.......>..........#
#[c###.######.....).....#
#..###.....##...........#


You could see a centaur, 3 friendly crimson imps and a friendly shadow imp.

Vanquished Creatures
  A sky beast (D:5)
  An ice beast (D:5)
  A giant frog (D:5)
  A scorpion (D:4)
  2 orc priests
  An iguana (D:4)
  A worker ant (D:4)
  An adder (D:2)
  2 worms
  3 dart slugs
  2 giant geckos
  9 orcs
  6 bats
  11 giant cockroaches
  11 goblins
  10 hobgoblins
  4 jackals (D:4)
  2 quokkas
  2 ball pythons
  A giant gecko skeleton (D:5)
  3 giant newts (D:1)
  10 kobolds
  8 rats
93 creatures vanquished.

Vanquished Creatures (collateral kills)
  A sky beast (D:5)
  An ogre (D:3)
  The ghost of kengeki the Sneak, an amateur SpEn (D:3)
  A hound (D:4)
  A giant frog skeleton (D:5)
  Jessica (D:2)
  Terence (D:2)
  Robin (D:2)
  2 adders (D:4)
  A worm (D:3)
  A giant gecko (D:1)
  2 orcs (D:3)
  A giant cockroach (D:1)
  3 goblins (D:2)
  7 hobgoblins
  A giant newt (D:3)
  A rat (D:3)
27 creatures vanquished.

Grand Total: 120 creatures vanquished

Notes
Turn   | Place    | Note
--------------------------------------------------------------
     0 | D:1      | KarmaPolice the Human Wizard began the quest for the Orb.
     0 | D:1      | Reached XP level 1. HP: 13/13 MP: 4/4
   338 | D:1      | Reached XP level 2. HP: 19/19 MP: 0/6
   343 | D:1      | Learned a level 2 spell: Call Imp
  1068 | D:1      | Reached XP level 3. HP: 24/24 MP: 4/7
  1453 | D:2      | Learned a level 2 spell: Blink
  1499 | D:2      | Found a glowing silver altar of Zin.
  1582 | D:2      | Noticed Jessica
  1593 | D:2      | Killed Jessica
  1593 | D:2      | Reached XP level 4. HP: 22/30 MP: 2/9
  2025 | D:2      | Noticed Terence
  2074 | D:2      | Killed Terence
  2259 | D:2      | Reached XP level 5. HP: 35/35 MP: 1/10
  2655 | D:2      | Noticed Robin
  2680 | D:2      | Killed Robin
  2691 | D:2      | Reached skill level 4 in Spellcasting
  2969 | D:2      | Learned a level 3 spell: Mephitic Cloud
  2997 | D:3      | Noticed kengeki's ghost (amateur SpEn)
  3016 | D:3      | Killed kengeki's ghost
  3351 | D:3      | Reached XP level 6. HP: 41/41 MP: 5/12
  3536 | D:3      | Found an opulent altar of Gozag.
  3537 | D:3      | Found a sacrificial altar of Ru.
  3547 | D:3      | Found a shadowy altar of Dithmenos.
  3547 | D:3      | Found a shimmering altar of Xom.
  3554 | D:3      | Found a stormy altar of Qazlal.
  3556 | D:3      | Found a radiant altar of Vehumet.
  3627 | D:3      | Found a basalt altar of Yredelemnul.
  3636 | D:3      | Noticed an ogre
  3659 | D:3      | Killed an ogre
  3772 | D:3      | Became a worshipper of Vehumet
  4917 | D:4      | Reached XP level 7. HP: 42/46 MP: 9/14
  5258 | D:5      | Entered Level 5 of the Dungeon
  5298 | D:5      | Found a shattered altar of Ashenzari.
  5359 | D:5      | Found a snail-covered altar of Cheibriados.
  5703 | D:5      | Reached skill level 5 in Spellcasting
  5999 | D:5      | Found Ciapostro's Weapon Boutique.
  6000 | D:5      | Found Rihops's Gadget Shoppe.
  6320 | D:5      | Shot with an arrow by a centaur

Skill      XL: |  1  2  3  4  5  6  7 |
---------------+----------------------+-----
Conjurations   | 2 3 4 |  4.6
Summonings     | 2 3 4 |  4.2
Spellcasting   | 4 5 |  5.2
Dodging        | |  2.0
Stealth        | |  2.0
Translocations | |  1.0

Action                   |  1- 3 |  4- 6 |  7- 9 || total
-------------------------+-------+-------+-------++-------
Melee: Unarmed           |    53 |       |       ||    53
       Dagger            |    21 |   138 |    31 ||   190
 Cast: Magic Dart        |    48 |    53 |    23 ||   124
       Call Imp          |     6 |    39 |    29 ||    74
       Blink             |     1 |     2 |       ||     3
 Stab: Sleeping          |     2 |     3 |       ||     5
       Distracted        |       |     1 |       ||     1
  Eat: Chunk             |     2 |    11 |     2 ||    15
       Royal jelly       |       |       |     1 ||     1
Armor: Robe              |    20 |    19 |     6 ||    45
Dodge: Dodged            |    52 |    74 |    24 ||   150
